 Dungeon Crawl Stone Soup version 0.29.1-15-g9cfb28693d (webtiles) character file.

Game seed: 17361190081758829081

139 protoss039 the Digger (level 5, 39/39 HPs)
             Began as a Demonspawn Earth Elementalist on Feb 28, 2023.
             Was a Follower of Vehumet.
             Got out of the dungeon alive.
             The game lasted 00:04:43 (3476 turns).

protoss039 the Digger (DsEE)                        Turns: 3476, Time: 00:04:43

Health: 39/39      AC:  4    Str:  8    XL:     5   Next: 1%
Magic:  9/9        EV: 11    Int: 18    God:    Vehumet [*.....]
Gold:   120        SH:  0    Dex: 14    Spells: 3/9 levels left

rFire   . . .      SeeInvis .   p - +1 quarterstaff (spect)
rCold   . . .      Faith    .   (shield currently unavailable)
rNeg    . . .      Spirit   .   j - +0 leather armour
rPois   .          Reflect  .   (no helmet)
rElec   .          Harm     .   (no cloak)
rCorr   .          Rampage  .   (no gloves)
Will    .....                   (no boots)
Stlth   ++........              o - amulet of the acrobat
HPRegen 0.13/turn               (no ring)
MPRegen 0.11/turn               (no ring)

@: no status effects
A: rugged brown scales 1, ignite blood 1, powered by pain 1
a: Renounce Religion


You escaped.
You worshipped Vehumet.
Vehumet was aware of your devotion.
You visited 1 branch of the dungeon, and saw 4 of its levels.

You collected 120 gold pieces.

Inventory:

Hand Weapons
 g - a +2 flail of protection
 p - a +1 spectral quarterstaff (weapon)
Armour
 j - a +0 leather armour (worn)
Jewellery
 o - an amulet of the acrobat (around neck)
Scrolls
 a - a scroll of torment {unknown}
 c - 2 scrolls of identify {unknown}
 d - a scroll of silence {unknown}
 e - 3 scrolls of amnesia
 l - a scroll of blinking {unknown}
 m - a scroll of immolation {unknown}
 n - a scroll of noise {unknown}
 q - a scroll of vulnerability {unknown}
 t - a scroll of fog {unknown}
 u - a scroll of poison {unknown}
Potions
 b - a potion of magic
 f - 2 potions of berserk rage {unknown}
 h - a potion of heal wounds {unknown}
 i - a potion of lignification {unknown}
 k - a potion of might {unknown}
 r - a potion of brilliance {unknown}
 s - a potion of ambrosia {unknown}


   Skills:
 + Level 2.0 Fighting
 + Level 1.3 Armour
 - Level 1.7 Dodging
 - Level 1.7 Stealth
 + Level 2.9 Spellcasting
 + Level 1.3 Conjurations
 - Level 0.8 Transmutations
 + Level 3.4 Earth Magic


You had 3 spell levels left.
You knew the following spells:

 Your Spells              Type           Power      Damage    Failure   Level
a - Sandblast             Erth           30%        2d9       5%          1
b - Passwall              Tmut/Erth      8%         N/A       14%         2
c - Stone Arrow           Conj/Erth      22%        3d8       26%         3

Your spell library contained the following spells:

 Spells                   Type           Power      Damage    Failure   Level
 Foxfire                  Conj/Fire      20%        2x1d5     19%         1
 Summon Guardian Golem    Hex/Summ       2%         N/A       56%         3
 Petrify                  Tmut/Erth      10%        N/A       67%         4
 Orb of Destruction       Conj           3%         9d5       100%        7
 Spellforged Servitor     Conj/Summ      2%         N/A       100%        7


Dungeon Overview and Level Annotations

Branches:
Dungeon (4/15) Zot: 20469
 Temple: D:4-7

Altars:
Dithmenos
Gozag
Makhleb
Nemelex Xobeh
Vehumet

Annotations:
D:3 1 exclusion


Innate Abilities, Weirdness & Mutations

You are partially covered in rugged brown scales. (AC +1, +3% HP)
Your demonic aura sometimes causes spilled blood to erupt in flames.
You sometimes gain a little power by taking damage.


Message History

Your spectral weapon shares its damage with you!
Unknown command.
You sock the jackal!
You kill the jackal!
Vehumet accepts your kill.
You can now gain magical power from killing.
Vehumet offers you knowledge of Foxfire.
No target in view!
Unknown command.
No target in view!
Unknown command.
Unknown command.
Unknown command.
You drop a clear potion.
f - 2 clear potions (gained 1)
(D) Dungeon
Where to? (Enter - D:3 @ (x,y), ? - help)
What level of the Dungeon? (default 1, ? - help) HP restored.
There is a stone staircase leading up here.
You climb upwards.
There is a stone staircase leading down here.
There is a stone staircase leading up here.
You climb upwards.
There is a stone staircase leading down here.
There is an open door here.
There is an open door here.
There is an open door here.
You enter the shallow water.
Moving in this stuff is going to be slow.
You enter the shallow water.
Moving in this stuff is going to be slow.
You enter the shallow water.
Moving in this stuff is going to be slow.
There is a large open door here.
There is a large open door here.
There is a large open door here.
There is a staircase leading out of the dungeon here.
Are you sure you want to leave the Dungeon?
This will make you lose the game!
You have escaped!

.##.# #.# ##### #.# #.#####
#......
#####################..###.
#~~~~~~~~~~~~~~~~~~##..#..(
#~..8..........8..~##..#.#.
#~.##############.~#.......
#######~8#......@.....#8~......##
.......~.######''######.~#...###
######.~.#..........§.#.~##.## #
#...~.#§≈≈§≈..≈≈§§≈#.~##.#
####...~.#≈≈§≈§..≈§≈§§#.~##.#
#.....~.#............#.~##'##
#.....~.######''######.~#...##
#.....~)#~~~~~..~~~~~#.~.....##
##....~.#~..........~#.~......##


There were no monsters in sight!

Vanquished Creatures
  A hound (D:4)
  An orc wizard (D:3)
  3 adders (D:3)
  3 orcs
  6 ball pythons
  5 endoplasms
  6 goblins
  6 hobgoblins
  5 jackals
  3 quokkas
  3 bats
  6 frilled lizards
  4 kobolds
  2 rats
54 creatures vanquished.

Notes
Turn   | Place    | Note
-------+----------+-------------------------------------------
     0 | D:1      | protoss039 the Demonspawn Earth Elementalist began the
                  | quest for the Orb.
     0 | D:1      | Reached XP level 1. HP: 13/13 MP: 3/3
   170 | D:1      | Found a faded altar of an unknown god.
   368 | D:1      | Gained mutation: You are partially covered in rugged brown
                  | scales. (AC +1, +3% HP) [demonic ancestry]
   368 | D:1      | Reached XP level 2. HP: 14/20 MP: 0/5
   752 | D:1      | Reached skill level 1 in Fighting
   876 | D:1      | Reached skill level 3 in Earth Magic
  1298 | D:1      | Learned a level 2 spell: Passwall
  1996 | D:2      | Gained mutation: You sometimes gain a little power by
                  | taking damage. [demonic ancestry]
  1996 | D:2      | Reached XP level 3. HP: 25/26 MP: 2/6
  2342 | D:2      | Learned a level 3 spell: Stone Arrow
  2376 | D:3      | Found a burning altar of Makhleb.
  2377 | D:3      | Found a sparkling altar of Nemelex Xobeh.
  2377 | D:3      | Found a shadowy altar of Dithmenos.
  2378 | D:3      | Found a radiant altar of Vehumet.
  2381 | D:3      | Found an opulent altar of Gozag.
  2385 | D:3      | Became a worshipper of Vehumet
  2918 | D:3      | Reached XP level 4. HP: 32/32 MP: 8/8
  3176 | D:4      | Noticed a black bear
  3178 | D:4      | Reached skill level 1 in Armour
  3178 | D:4      | Reached skill level 1 in Conjurations
  3377 | D:3      | Gained mutation: Your demonic aura sometimes causes spilled
                  | blood to erupt in flames. [demonic ancestry]
  3377 | D:3      | Reached XP level 5. HP: 39/39 MP: 9/9
  3380 | D:3      | Reached * piety under Vehumet
  3380 | D:3      | Offered knowledge of Foxfire by Vehumet.
  3476 | D:$      | Got out of the dungeon alive.

Illustrated notes

Levels and vault maps discovered:
D:1:      lightli_arrival_isolated_outpost, layout_loops_corners,
          chequers_ecumenical_altar_twisty, minmay_statues_item,
          minmay_shallow_snake_nest
D:2:      layout_basic, minmay_misc_feat_more_columns, grunt_decor_one_mirror
D:3:      layout_basic, grunt_temple_overflow_open, reono_crystal_passage,
          grunt_ministairs_8
D:4:      layout_cave_pools, gammafunk_ghost_nasty_kobolds, serial_shops, shop,
          guppyfry_early_lair_pool

Skill      XL: |  1  2  3  4 |
---------------+-------------+-----
Fighting       | 1 2 |  2.0
Earth Magic    | 3 |  3.4
Armour         | 1 |  1.3
Conjurations   | 1 |  1.3
Dodging        | |  1.7
Stealth        | |  1.7
Spellcasting   | |  2.9
Transmutations | |  0.8

Action                   |  1- 3 |  4- 6 || total
-------------------------+-------+-------++-------
Melee: Short sword       |    10 |       ||    10
       Flail             |    30 |       ||    30
       Punch             |     1 |       ||     1
       Quarterstaff      |     6 |    16 ||    22
 Cast: Sandblast         |    40 |     6 ||    46
  Use: Scroll            |       |     1 ||     1
 Stab: Sleeping          |     2 |       ||     2
Armor: Robe              |     9 |       ||     9
       Leather armour    |    20 |     9 ||    29
Dodge: Dodged            |    47 |    19 ||    66
